HBL
TACOMA RAINIERS @ OMAHA STORM CHASERS
06/16/1997
 
TOP OF THE 1ST
Tacoma Rainiers batting - Pitching for Omaha Storm Chasers : RHP Geremi Gonzalez
Pitching: RHP Geremi Gonzalez
Batting: RHB Eric Young 0-0: Called Strike
0-1: Ball
1-1: Fly out, F3 (Popup, 3SF, EV 66.9 MPH)
Batting: LHB Daryl Boston 0-0: Ball
1-0: Ball
2-0: Ball
3-0: Base on Balls
Batting: LHB Chito Martinez 0-0: Ball
1-0: Called Strike
1-1: Ball
2-1: Grounds into double play, 4-6-3 (Groundball, 4, EV 87.5 MPH)
Top of the 1st over - 0 runs, 0 hits, 0 errors, 0 left on base; Tacoma 0 - Omaha 0
BOTTOM OF THE 1ST
Omaha Storm Chasers batting - Pitching for Tacoma Rainiers : LHP Eddie Guardado
Pitching: LHP Eddie Guardado
Batting: RHB Roberto Mejia 0-0: Ball
1-0: Ground out U3 (Groundball, 3S, EV 85.6 MPH)
Batting: RHB Hensley Meulens 0-0: Foul Ball, location: 2F
0-1: Called Strike
0-2: Ball
1-2: SINGLE (Groundball, 56D, EV 103.1 MPH)
Batting: RHB Eduardo Perez 0-0: Called Strike
0-1: Swinging Strike
0-2: Ball
1-2: Ball
2-2: Ball
3-2: Strikes out swinging
Batting: RHB Matt Mieske 0-0: Ball
1-0: Called Strike
1-1: Ball
2-1: Foul Ball, location: 2F
2-2: Foul Ball, location: 2F
2-2: Strikes out looking
Bottom of the 1st over - 0 runs, 1 hit, 0 errors, 1 left on base; Tacoma 0 - Omaha 0
TOP OF THE 2ND
Tacoma Rainiers batting - Pitching for Omaha Storm Chasers : RHP Geremi Gonzalez
Batting: RHB Russ Davis 0-0: SINGLE (Line Drive, 3D, EV 108.8 MPH)
Batting: SHB Micah Franklin 0-0: Ball
1-0: SINGLE (Groundball, 34D, EV 97.5 MPH)
Russ Davis to second
Runner from 2nd tries for 3rd, SAFE, throw by RF made to third
Batting: RHB Jose Guillen 0-0: Fly out, F7 (Line Drive, 7, EV 88.1 MPH)
Runner from 3rd tags up, SCORES, throw by LF
Batting: LHB Mario Valdez 0-0: Ball
1-0: Ball
2-0: Called Strike
2-1: Called Strike
2-2: Strikes out looking
Batting: SHB Jason Bates 0-0: 2-RUN HOME RUN (Flyball, 89XD, EV 103.8 MPH), Distance : 410 ft
Batting: LHB Greg O'Halloran 0-0: Called Strike
0-1: Foul Ball, location: 2F
0-2: Ball
1-2: Ball
2-2: Ball
3-2: Foul Ball, location: 2F
3-2: Foul Ball, location: 2F
3-2: Strikes out swinging
Top of the 2nd over - 3 runs, 3 hits, 0 errors, 0 left on base; Tacoma 3 - Omaha 0
BOTTOM OF THE 2ND
Omaha Storm Chasers batting - Pitching for Tacoma Rainiers : LHP Eddie Guardado
Batting: RHB Mike Figga 0-0: Called Strike
0-1: Ball
1-1: Ball
2-1: Called Strike
2-2: Ball
3-2: Base on Balls
Batting: SHB Javier Valentin 0-0: Ball
1-0: Ball
2-0: Called Strike
2-1: Foul Ball, location: 2F
2-2: Ground out 4-3 (Groundball, 4S, EV 85.6 MPH)
Mike Figga to second
Batting: RHB Danny Clyburn 0-0: Fly out, F7 (Line Drive, 7D, EV 95.0 MPH)
Batting: SHB Pablo Martinez 0-0: Ground out 6-3 (Groundball, 6, EV 106.9 MPH)
Bottom of the 2nd over - 0 runs, 0 hits, 0 errors, 1 left on base; Tacoma 3 - Omaha 0
TOP OF THE 3RD
Tacoma Rainiers batting - Pitching for Omaha Storm Chasers : RHP Geremi Gonzalez
Batting: RHB Eric Young 0-0: Called Strike
0-1: Swinging Strike
0-2: Strikes out swinging
Batting: LHB Daryl Boston 0-0: Swinging Strike
0-1: Ball
1-1: Called Strike
1-2: Strikes out swinging
Batting: LHB Chito Martinez 0-0: Foul Ball, location: 2F
0-1: Ball
1-1: SINGLE (Line Drive, 9S, EV 88.8 MPH)
Batting: RHB Russ Davis 0-0: Ball
1-0: Swinging Strike
1-1: Foul Ball, location: 2F
1-2: Foul Ball, location: 2F
1-2: Ball
2-2: Ball
3-2: Strikes out swinging
Top of the 3rd over - 0 runs, 1 hit, 0 errors, 1 left on base; Tacoma 3 - Omaha 0
BOTTOM OF THE 3RD
Omaha Storm Chasers batting - Pitching for Tacoma Rainiers : LHP Eddie Guardado
Batting: SHB Kerwin Moore 0-0: Ball
1-0: Swinging Strike
1-1: Swinging Strike
1-2: DOUBLE (Line Drive, 9LM, EV 101.3 MPH)
Batting: RHB Roberto Mejia 0-0: Foul Ball, location: 2F
0-1: Swinging Strike
0-2: Ball
1-2: Ball
2-2: Foul Ball, location: 2F
2-2: Ball
3-2: Strikes out swinging
Batting: RHB Hensley Meulens 0-0: Called Strike
0-1: Called Strike
0-2: Strikes out swinging
Batting: RHB Eduardo Perez 0-0: Ball
1-0: Called Strike
1-1: Ball
2-1: Called Strike
2-2: SINGLE (Flyball, 7LS, EV 81.3 MPH)
Kerwin Moore to third
Runner from 3rd tries for Home, SAFE, throw by LF to home
Batting: RHB Matt Mieske 0-0: Foul Ball, location: 2F
0-1: Ball
1-1: Swinging Strike
1-2: SINGLE (Groundball, 34D, EV 100.0 MPH)
Eduardo Perez to second
Runner from 2nd tries for 3rd, SAFE, throw by RF made to third
Batting: RHB Mike Figga 0-0: Ball
1-0: Swinging Strike
1-1: Ball
2-1: Fielders Choice at 2nd, 5-4 (Groundball, 56, EV 85.0 MPH)
Bottom of the 3rd over - 1 run, 3 hits, 0 errors, 2 left on base; Tacoma 3 - Omaha 1
TOP OF THE 4TH
Tacoma Rainiers batting - Pitching for Omaha Storm Chasers : RHP Geremi Gonzalez
Batting: SHB Micah Franklin 0-0: Foul Ball, location: 2F
0-1: Ball
1-1: Foul Ball, location: 2F
1-2: Ball
2-2: Ball
3-2: Reached on error, E6 (Groundball, 56, EV 105.6 MPH)
Batting: RHB Jose Guillen 0-0: Ball
1-0: Ball
2-0: Called Strike
2-1: Foul Ball, location: 2F
2-2: Foul Ball, location: 2F
2-2: Strikes out swinging
Batting: LHB Mario Valdez 0-0: Ball
1-0: Ball
2-0: Ball
3-0: Called Strike
3-1: Called Strike
3-2: Foul Ball, location: 2F
3-2: Strikes out swinging
Micah Franklin steals 2nd base
Batter strikes out.
Batting: SHB Jason Bates 0-0: Ball
1-0: Foul Ball, location: 2F
1-1: Ball
2-1: Swinging Strike
2-2: Foul Ball, location: 2F
2-2: Ball
3-2: Fly out, F6 (Popup, 6M, EV 61.3 MPH)
Top of the 4th over - 0 runs, 0 hits, 1 error, 1 left on base; Tacoma 3 - Omaha 1
BOTTOM OF THE 4TH
Omaha Storm Chasers batting - Pitching for Tacoma Rainiers : LHP Eddie Guardado
Batting: SHB Javier Valentin 0-0: Called Strike
0-1: Swinging Strike
0-2: Strikes out swinging
Batting: RHB Danny Clyburn 0-0: Foul Ball, location: 2F
0-1: Ball
1-1: Foul Ball, location: 2F
1-2: SINGLE (Line Drive, 9S, EV 103.8 MPH)
Batting: SHB Pablo Martinez 0-0: Ball
1-0: Ball
2-0: Called Strike
2-1: Foul Ball, location: 2F
2-2: Foul Ball, location: 2F
2-2: Strikes out swinging
Batting: SHB Kerwin Moore 0-0: Called Strike
0-1: Foul Ball, location: 2F
0-2: SINGLE (Groundball, 4MD, EV 99.4 MPH)
Danny Clyburn to second
Runner from 2nd tries for 3rd, SAFE, throw by CF made to third
Batting: RHB Roberto Mejia 0-0: Ball
1-0: Foul Ball, location: 2F
1-1: Foul Ball, location: 2F
1-2: Ball
2-2: Ball
3-2: Foul Ball, location: 2F
3-2: SINGLE (Line Drive, 89M, EV 89.4 MPH)
Danny Clyburn scores
Kerwin Moore to second
Kerwin Moore to third
Batting: RHB Hensley Meulens 0-0: Ball
1-0: Fly out, F4 (Flyball, 4D, EV 93.1 MPH)
Bottom of the 4th over - 1 run, 3 hits, 0 errors, 2 left on base; Tacoma 3 - Omaha 2
TOP OF THE 5TH
Tacoma Rainiers batting - Pitching for Omaha Storm Chasers : RHP Geremi Gonzalez
Batting: LHB Greg O'Halloran 0-0: Called Strike
0-1: Ball
1-1: Swinging Strike
1-2: Foul Ball, location: 2F
1-2: Strikes out swinging
Batting: RHB Eric Young 0-0: Fly out, F5 (Popup, 5SF, EV 69.4 MPH)
Batting: LHB Daryl Boston 0-0: Ball
1-0: Called Strike
1-1: Ball
2-1: Called Strike
2-2: Ball
3-2: Foul Ball, location: 2F
3-2: SINGLE (Line Drive, 78M, EV 107.5 MPH)
Batting: LHB Chito Martinez 0-0: Ball
1-0: Ball
2-0: Ball
3-0: Foul Ball, location: 2F
3-1: Base on Balls
Daryl Boston to second
Batting: RHB Russ Davis 0-0: Called Strike
0-1: Ball
Wild Pitch!
Daryl Boston to third
Chito Martinez to second
1-1: Swinging Strike
1-2: Ball
2-2: Ball
3-2: Base on Balls
Batting: SHB Micah Franklin 0-0: SINGLE (Groundball, 4D, EV 103.1 MPH)
Daryl Boston scores
Chito Martinez to third
Russ Davis to second
Runner from 3rd tries for Home, SAFE, no throw by CF
Pitching: LHP Roberto Duran
Batting: RHB Jose Guillen 0-0: SINGLE (Line Drive, 6MD, EV 97.5 MPH)
Russ Davis to third
Micah Franklin to second
Batting: LHB Mario Valdez 0-0: Ball
1-0: Ball
2-0: Ball
3-0: Called Strike
3-1: Called Strike
3-2: Foul Ball, location: 2F
3-2: Strikes out swinging
Top of the 5th over - 2 runs, 3 hits, 0 errors, 3 left on base; Tacoma 5 - Omaha 2
BOTTOM OF THE 5TH
Omaha Storm Chasers batting - Pitching for Tacoma Rainiers : LHP Eddie Guardado
Batting: RHB Eduardo Perez 0-0: Ball
1-0: Swinging Strike
1-1: Fly out, F8 (Flyball, 8RM, EV 95.6 MPH)
Batting: RHB Matt Mieske 0-0: Swinging Strike
0-1: Foul Ball, location: 2F
0-2: Ball
1-2: SINGLE (Line Drive, 8LS, EV 104.4 MPH)
Batting: RHB Mike Figga 0-0: Ball
1-0: Ball
2-0: Ball
3-0: Base on Balls
Matt Mieske to second
Batting: SHB Javier Valentin 0-0: Ball
1-0: Ball
2-0: Fly out, F9 (Flyball, 89M, EV 91.3 MPH)
Batting: RHB Danny Clyburn 0-0: Called Strike
0-1: Ball
1-1: Ball
2-1: SINGLE (Groundball, 56D, EV 99.4 MPH)
Matt Mieske to third
Mike Figga to second
Runner from 3rd tries for Home, SAFE, throw by LF to home
Pitching: RHP Carlos Reyes
Batting: SHB Pablo Martinez 0-0: Called Strike
0-1: SINGLE (Groundball, 6MD, EV 97.5 MPH)
Mike Figga to third
Danny Clyburn to second
Runner from 3rd tries for Home, SAFE, throw by CF to home
Batting: SHB Kerwin Moore 0-0: Ball
1-0: SINGLE (Line Drive, 89M, EV 100.6 MPH)
Danny Clyburn to third
Pablo Martinez to second
Runner from 3rd tries for Home, throw by RF and OUT! 9-2
Bottom of the 5th over - 2 runs, 4 hits, 0 errors, 2 left on base; Tacoma 5 - Omaha 4
TOP OF THE 6TH
Tacoma Rainiers batting - Pitching for Omaha Storm Chasers : LHP Roberto Duran
Batting: SHB Jason Bates 0-0: Ball
1-0: Called Strike
1-1: Ball
2-1: Foul Ball, location: 2F
2-2: Hit by Pitch
Batting: LHB Greg O'Halloran 0-0: Ball
1-0: Sac Bunt - play at second, runner OUT -> throw to first, DP!
Batting: RHB Eric Young 0-0: Called Strike
0-1: Ball
1-1: Foul Ball, location: 2F
1-2: SINGLE (Line Drive, 7S, EV 104.4 MPH)
Batting: LHB Daryl Boston 0-0: Called Strike
0-1: Called Strike
0-2: Strikes out swinging
Top of the 6th over - 0 runs, 1 hit, 0 errors, 1 left on base; Tacoma 5 - Omaha 4
BOTTOM OF THE 6TH
Omaha Storm Chasers batting - Pitching for Tacoma Rainiers : RHP Carlos Reyes
Batting: RHB Roberto Mejia 0-0: SINGLE (Line Drive, 4D, EV 101.3 MPH)
Batting: RHB Hensley Meulens 0-0: Ball
Roberto Mejia is caught stealing 2nd base 2-4
1-0: Called Strike
1-1: Ball
2-1: Ball
3-1: Foul Ball, location: 2F
3-2: Strikes out swinging
Batting: RHB Eduardo Perez 0-0: Foul Ball, location: 2F
0-1: SINGLE (Line Drive, 9S, EV 110.0 MPH)
Batting: RHB Matt Mieske 0-0: Called Strike
0-1: Ball
1-1: 2-RUN HOME RUN (Flyball, 78XD, EV 98.1 MPH), Distance : 390 ft
Batting: RHB Mike Figga 0-0: Swinging Strike
0-1: Ball
1-1: Ball
2-1: Ball
3-1: SINGLE (Groundball, 6, EV 86.9 MPH) (infield hit)
Pitching: LHP Jeff Wallace
Batting: SHB Javier Valentin 0-0: Ball
1-0: Swinging Strike
1-1: Ball
2-1: Called Strike
2-2: Fly out, F9 (Flyball, 9, EV 78.1 MPH)
Bottom of the 6th over - 2 runs, 4 hits, 0 errors, 1 left on base; Tacoma 5 - Omaha 6
TOP OF THE 7TH
Tacoma Rainiers batting - Pitching for Omaha Storm Chasers : LHP Roberto Duran
Batting: LHB Chito Martinez 0-0: Ball
1-0: Ball
2-0: Foul Ball, location: 2F
2-1: Ball
3-1: DOUBLE (Line Drive, 7LD, EV 111.9 MPH)
Pitching: LHP Pat Gomez
Pinch Runner at 2nd Mike R Kelly:
Batting: RHB Russ Davis 0-0: Called Strike
0-1: Swinging Strike
0-2: Strikes out swinging
Batting: SHB Micah Franklin 0-0: Called Strike
0-1: Ground out 5-3 (Groundball, 56S, EV 87.5 MPH)
Batting: RHB Jose Guillen 0-0: Called Strike
0-1: Fly out, F3 (Popup, 3, EV 58.1 MPH)
Top of the 7th over - 0 runs, 1 hit, 0 errors, 1 left on base; Tacoma 5 - Omaha 6
BOTTOM OF THE 7TH
Omaha Storm Chasers batting - Pitching for Tacoma Rainiers : LHP Jeff Wallace
Now in LF: Mike R Kelly
Batting: RHB Danny Clyburn 0-0: Swinging Strike
0-1: Ball
1-1: Ball
2-1: Ball
3-1: Base on Balls
Batting: SHB Pablo Martinez 0-0: Sac Bunt to 15S - play at first, batter OUT! 1-4
Danny Clyburn to second
Batting: SHB Kerwin Moore 0-0: Ball
1-0: Ball
2-0: Called Strike
2-1: Ground out 6-3 (Groundball, 6M, EV 82.5 MPH)
Danny Clyburn to third
Batting: RHB Roberto Mejia 0-0: Ball
1-0: Foul Ball, location: 2F
1-1: Swinging Strike
1-2: Fly out, F3 (Popup, 3F, EV 79.4 MPH)
Bottom of the 7th over - 0 runs, 0 hits, 0 errors, 1 left on base; Tacoma 5 - Omaha 6
TOP OF THE 8TH
Tacoma Rainiers batting - Pitching for Omaha Storm Chasers : LHP Pat Gomez
Batting: LHB Mario Valdez 0-0: Called Strike
0-1: Foul Ball, location: 2F
0-2: Ball
1-2: Foul Ball, location: 2F
1-2: Strikes out swinging
Batting: SHB Jason Bates 0-0: Ball
1-0: Ball
2-0: Foul Ball, location: 2F
2-1: Foul Ball, location: 2F
2-2: Foul Ball, location: 2F
2-2: Foul Ball, location: 2F
2-2: Fly out, F9 (Flyball, 89D, EV 85.6 MPH)
Batting: LHB Greg O'Halloran 0-0: Called Strike
0-1: Swinging Strike
0-2: Ball
1-2: Ball
2-2: Strikes out swinging
Top of the 8th over - 0 runs, 0 hits, 0 errors, 0 left on base; Tacoma 5 - Omaha 6
BOTTOM OF THE 8TH
Omaha Storm Chasers batting - Pitching for Tacoma Rainiers : LHP Jeff Wallace
Pitching: RHP Tavo Alvarez
Batting: RHB Hensley Meulens 0-0: Ball
1-0: Ball
2-0: Ball
3-0: Foul Ball, location: 2F
3-1: Base on Balls
Batting: RHB Eduardo Perez 0-0: Ball
1-0: Ball
2-0: Ball
3-0: Base on Balls
Hensley Meulens to second
Batting: RHB Matt Mieske 0-0: 3-RUN HOME RUN (Flyball, 78XD, EV 98.1 MPH), Distance : 401 ft
Batting: RHB Mike Figga 0-0: Called Strike
0-1: SINGLE (Groundball, 6MD, EV 105.6 MPH)
Batting: SHB Javier Valentin 0-0: Fly out, F8 (Flyball, 8RS, EV 95.0 MPH)
Batting: RHB Danny Clyburn 0-0: Ball
1-0: Foul Ball, location: 2F
1-1: Called Strike
1-2: SINGLE (Line Drive, 9LS, EV 95.6 MPH)
Mike Figga to second
Runner from 2nd tries for 3rd, SAFE, throw by RF made to third
Batting: SHB Pablo Martinez 0-0: Called Strike
0-1: Swinging Strike
0-2: Fly out, F7 (Flyball, 7LSF, EV 80.0 MPH)
Batting: SHB Kerwin Moore 0-0: Ball
1-0: Foul Ball, location: 2F
1-1: Ball
2-1: SINGLE (Line Drive, 7S, EV 89.4 MPH)
Mike Figga scores
Danny Clyburn to second
Batting: RHB Roberto Mejia 0-0: Ball
1-0: Fly out, F9 (Line Drive, 9D, EV 86.3 MPH)
Bottom of the 8th over - 4 runs, 4 hits, 0 errors, 2 left on base; Tacoma 5 - Omaha 10
TOP OF THE 9TH
Tacoma Rainiers batting - Pitching for Omaha Storm Chasers : LHP Pat Gomez
Batting: RHB Eric Young 0-0: Ball
1-0: Ball
2-0: Swinging Strike
2-1: SINGLE (Groundball, 56D, EV 100.6 MPH)
Pitching: RHP Mike Bovee
Batting: LHB Daryl Boston 0-0: Ball
1-0: TRIPLE (Flyball, 9LD, EV 100.6 MPH)
Eric Young scores
Batting: RHB Mike R Kelly 0-0: Called Strike
0-1: DOUBLE (Line Drive, 9LS, EV 101.9 MPH)
Daryl Boston scores
Pitching: LHP Tony J. Castillo
Batting: RHB Russ Davis 0-0: Ball
1-0: Foul Ball, location: 2F
1-1: Foul Ball, location: 2F
1-2: Ball
2-2: Foul Ball, location: 2F
2-2: Strikes out swinging
Batting: SHB Micah Franklin 0-0: Ball
1-0: Swinging Strike
1-1: Swinging Strike
1-2: Strikes out looking
Batting: RHB Jose Guillen 0-0: Ball
1-0: Ball
2-0: Called Strike
2-1: Foul Ball, location: 2F
2-2: SINGLE (Line Drive, 56D, EV 99.4 MPH)
Mike R Kelly to third
Pinch Hitting: SHB Greg Norton 0-0: Ball
1-0: Called Strike
1-1: Foul Ball, location: 2F
1-2: Ball
2-2: Strikes out swinging
Top of the 9th over - 2 runs, 4 hits, 0 errors, 2 left on base; Tacoma 7 - Omaha 10
Wednesday, February 25th, 2026 - OOTP Baseball 20.8 Build 74